 Dungeon Crawl Stone Soup version 0.19.4 (webtiles) character file.

133 Naow the Firebug (level 4, -1/24 HPs)
             Began as a Deep Elf Fire Elementalist on Feb 5, 2017.
             Slain by a gnoll
             ... wielding a +0 club
              (5 damage)
             ... on level 4 of the Dungeon.
             The game lasted 00:04:28 (2753 turns).

Naow the Firebug (Deep Elf Fire Elementalist)       Turns: 2753, Time: 00:04:29

Health: -1/24      AC:  3    Str:  5    XL:     4   Next: 93%
Magic:  5/12       EV: 13    Int: 21    God:
Gold:   136        SH:  0    Dex: 15    Spells: 3 memorised, 6 levels left

rFire  . . .     SeeInvis .     (no weapon)
rCold  . . .     Gourm    .     i - +0 robe (curse)
rNeg   . . .     Faith    .     (no shield)
rPois  .         Spirit   .     (no helmet)
rElec  .         Reflect  .     q - +0 cloak
rCorr  .         Harm     .     (no gloves)
MR     .....                    (no boots)
Stlth  ++........               (no amulet)
                                (no ring)
                                (no ring)

@: no status effects
A: no striking features
a: no special abilities


You were on level 4 of the Dungeon.
You were hungry.

You visited 1 branch of the dungeon, and saw 4 of its levels.

You collected 136 gold pieces.

Inventory:

Armour
 a - a +0 robe
 i - a cursed +0 robe (worn)
 q - a +0 cloak (worn)
Scrolls
 g - 4 scrolls of remove curse {unknown}
 k - 2 scrolls of identify {unknown}
 o - 3 scrolls of enchant weapon {unknown}
Potions
 e - a potion of mutation {unknown}
 h - a potion of curing {unknown}
 j - a potion of agility {unknown}
 l - a potion of flight {unknown}
 m - a potion of ambrosia {unknown}
 n - 3 potions of cancellation {unknown}
 p - 2 potions of heal wounds {unknown}
 r - a potion of haste {unknown}
Books
 b - a book of Flames

   Spells                             Type                      Level
   a - Flame Tongue                   Conjuration/Fire             1
   b - Throw Flame                    Conjuration/Fire             2
   c - Conjure Flame                  Conjuration/Fire             3
   d - Inner Flame                    Hexes/Fire                   3
   e - Sticky Flame                   Conjuration/Fire             4
   f - Fireball                       Conjuration/Fire             5
Comestibles
 c - 2 bread rations
 d - a beef jerky
 f - 2 meat rations


   Skills:
 - Level 2.4 Dodging
 - Level 2.4 Stealth
 + Level 4.5 Spellcasting
 + Level 3.0 Conjurations
 + Level 4.6 Fire Magic


You had 6 spell levels left.
You knew the following spells:

 Your Spells              Type           Power        Failure   Level  Hunger
a - Flame Tongue          Conj/Fire      ###..        2%          1    None
b - Throw Flame           Conj/Fire      ###...       4%          2    #......
c - Conjure Flame         Conj/Fire      ###.....     10%         3    ##.....


Dungeon Overview and Level Annotations

Branches:
Dungeon (4/15)
 Temple: D:4-7

Altars:
Ru


Message History

Aim: a gnoll, wielding a club (heavily wounded)
The flame tongue misses the gnoll.
The gnoll hits you with a club.
* * * LOW HITPOINT WARNING * * *
The frilled lizard unfolds its giant frill.
Casting: Flame Tongue
Confirm with . or Enter, or press ? or * to list all spells.
Aiming: Flame Tongue
Press: ? - help, Shift-Dir - straight line, f/p - gnoll
Aim: a gnoll, wielding a club (heavily wounded)
The flame tongue hits the gnoll.
The gnoll is almost dead.
The gnoll closely misses you. The frilled lizard bites you.
* * * LOW HITPOINT WARNING * * *
Casting: Flame Tongue
Confirm with . or Enter, or press ? or * to list all spells.
Aiming: Throw Flame
Press: ? - help, Shift-Dir - straight line, f/p - gnoll
Aim: a gnoll, wielding a club (almost dead)
The puff of flame misses the gnoll.
The gnoll hits you with a club.
You die...

## ... ## ....
.# # #...
.##.###
#....##.......
#.$..l@g......
#.#..#####.##.
#. #


You could see a gnoll and a frilled lizard.

Vanquished Creatures
  Crazy Yiuf (D:2)
  Terence (D:1)
  An adder (D:2)
  An ooze (D:2)
  3 worms
  5 dart slugs
  3 leopard geckos (D:1)
  A ball python (D:2)
  4 bats (D:1)
  3 goblins (D:1)
  4 hobgoblins (D:1)
  3 jackals (D:1)
  7 kobolds
  A quokka (D:2)
  2 frilled lizards (D:2)
  7 rats
47 creatures vanquished.

Notes
Turn   | Place    | Note
-------+----------+-------------------------------------------
     0 | D:1      | Naow the Deep Elf Fire Elementalist began the quest for the Orb.
     0 | D:1      | Reached XP level 1. HP: 10/10 MP: 6/6
   139 | D:1      | Reached XP level 2. HP: 9/15 MP: 0/8
   274 | D:1      | Learned a level 2 spell: Throw Flame
   683 | D:1      | Reached XP level 3. HP: 19/19 MP: 8/10
   688 | D:1      | Learned a level 3 spell: Conjure Flame
  1698 | D:2      | Found a sacrificial altar of Ru.
  1722 | D:2      | Reached XP level 4. HP: 20/24 MP: 7/12
  1824 | D:2      | Noticed Terence
  1980 | D:1      | Killed Terence
  2308 | D:2      | Found a runed door.
  2490 | D:2      | Noticed Crazy Yiuf
  2494 | D:2      | Killed Crazy Yiuf
  2753 | D:4      | Slain by a gnoll

Skill      XL: |  1  2  3  4 |
---------------+-------------+-----
Conjurations   | 2 3 |  3.0
Fire Magic     | 4 |  4.6
Spellcasting   | 4 |  4.5
Dodging        | |  2.4
Stealth        | |  2.4

Action                   |  1- 3 |  4- 6 || total
-------------------------+-------+-------++-------
Melee: Unarmed           |     5 |       ||     5
 Cast: Flame Tongue      |    64 |    34 ||    98
       Throw Flame       |       |     4 ||     4
       Conjure Flame     |       |     2 ||     2
  Eat: Chunk             |     2 |     3 ||     5
Armor: Robe              |     5 |       ||     5
Dodge: Dodged            |    25 |    12 ||    37
